Lightning vs Kraken
Created - April 10, 2025 at 07:02
Goals
|
| Lightning |
0 |
1 |
0 |
1 |
| Kraken |
0 |
2 |
3 |
5 |
|
Shots
|
| Lightning |
11 |
8 |
9 |
28 |
| Kraken |
4 |
14 |
16 |
34 |
|
1st period
No Goal
Penalties :
Olli Maatta (Sea) for Hooking (Minor) at 7:46, Jamie Oleksiak (Sea) for Holding (Minor) at 18:54
2nd period
1. Kraken , Jason Spezza 8 (Tyler Bertuzzi 18, Olli Maatta 20) at 10:10
2. Kraken , Brendan Gallagher 37 (Brendan Lemieux 34, Brady Skjei 46) at 10:30
3. Lightning , Alexander Kerfoot 32 (Rasmus Ristolainen 60) at 16:56
Penalties :
John Carlson (T.B) for Cross-checking (Minor) at 12:15
3rd period
4. Kraken , Kyle Rau 6 (Victor Olofsson 1, Jamie Oleksiak 9) at 5:29
5. Kraken , Marcus Johansson 17 (Andrei Loktionov 26, Erik Gudbranson 22) at 6:54 (PP)
6. Kraken , Ryan Nugent-Hopkins 25 (Olli Maatta 21, Joonas Korpisalo) at 18:36
Penalties :
Alexander Kerfoot (T.B) for Tripping (Minor) at 5:35
Goalie Stats
Alex Nedeljkovic (T.B), 29 saves from 34 shots - (0.853), L, 28-25-7, 60:00 minutes
Joonas Korpisalo (Sea), 27 saves from 28 shots - (0.964), W, 15-10-1, 60:00 minutes
Players Stats for Lightning
Player Name G A P +/- PIM S H SB GA TA FO MP PP MP PK MP
------------------------------------------------------------------------------------
Alex DeBrincat 0 0 0 -1 0 1 1 0 0 0 0/1 17:15 1:52 0:00
Alexander Kerfoot 1 0 1 0 2 6 3 1 2 0 17/30 21:02 2:06 0:59
Anthony Cirelli 0 0 0 -1 0 2 2 1 0 0 0/0 18:58 1:52 1:43
Anze Kopitar 0 0 0 0 0 1 0 3 0 0 2/6 12:18 0:00 0:09
Ben Hutton 0 0 0 -1 0 0 1 0 0 0 0/0 14:08 0:00 0:54
Brandon Hagel 0 0 0 0 0 2 3 0 0 0 0/0 12:09 0:00 0:00
Cory Emmerton 0 0 0 -2 0 0 0 0 0 0 2/6 8:21 0:00 0:00
Jeff Schultz 0 0 0 -1 0 3 1 1 0 0 0/0 21:41 0:00 1:41
Jesper Fast 0 0 0 -2 0 1 1 0 0 0 0/0 7:07 0:00 0:00
John Carlson 0 0 0 -1 2 0 0 1 0 0 0/0 19:30 1:16 0:43
Jonathan Drouin 0 0 0 0 0 1 1 2 0 0 2/2 20:04 2:06 0:00
Lawson Crouse 0 0 0 0 0 2 0 0 1 0 4/5 21:46 2:06 1:35
Max Friberg 0 0 0 0 0 1 0 0 0 0 2/2 13:21 0:00 1:12
Miro Heiskanen 0 0 0 -1 0 3 0 2 0 2 0/0 16:06 2:42 0:00
Nico Hischier 0 0 0 -1 0 0 0 2 1 1 3/8 19:01 1:52 0:58
Rasmus Ristolainen 0 1 1 -1 0 4 1 2 0 2 0/0 26:28 2:42 1:41
Shayne Gostisbehere 0 0 0 -1 0 1 3 2 0 0 0/0 20:18 1:16 1:37
Teemu Hartikainen 0 0 0 -2 0 0 1 0 0 0 0/0 7:07 0:00 0:00
Players Stats for Kraken
Player Name G A P +/- PIM S H SB GA TA FO MP PP MP PK MP
------------------------------------------------------------------------------------
Andrei Loktionov 0 1 1 1 0 0 2 1 0 0 5/9 13:41 2:13 0:00
Brady Skjei 0 1 1 0 0 3 0 1 1 2 0/0 26:06 2:11 2:26
Brendan Gallagher 1 0 1 0 0 3 1 0 0 1 1/2 19:54 1:02 1:31
Brendan Lemieux 0 1 1 0 0 4 3 0 0 0 1/2 18:26 1:02 0:03
Erik Gudbranson 0 1 1 0 0 2 0 2 1 0 0/0 26:07 2:11 2:17
Jalen Chatfield 0 0 0 1 0 0 2 0 0 0 0/0 16:26 0:00 0:34
Jamie Oleksiak 0 1 1 1 2 0 2 0 0 0 0/0 17:26 1:07 0:06
Jason Spezza 1 0 1 1 0 2 1 0 0 0 0/1 16:39 2:13 0:00
JT Compher 0 0 0 1 0 0 0 0 0 0 0/0 8:59 0:00 0:03
Kyle Rau 1 0 1 1 0 2 1 0 0 0 0/1 10:27 0:00 1:31
Logan Couture 0 0 0 1 0 3 3 1 0 0 10/17 17:26 0:03 2:24
Marcus Johansson 1 0 1 1 0 4 0 1 0 0 0/0 13:41 2:13 0:00
Nate Schmidt 0 0 0 2 0 0 1 0 0 1 0/0 16:54 0:00 1:41
Olli Maatta 0 2 2 2 2 1 1 0 0 0 0/0 17:21 1:07 0:52
Ryan Nugent-Hopkins 1 0 1 0 0 2 3 0 1 0 11/27 18:23 1:02 0:00
Tyler Bertuzzi 0 1 1 1 0 4 0 1 1 0 0/1 17:26 0:03 2:24
Victor Olofsson 0 1 1 1 0 1 1 1 1 0 0/0 9:10 0:03 0:00
Zach Hyman 0 0 0 1 0 3 1 2 0 0 0/0 11:28 0:00 0:00
3 Stars
1 - Joonas Korpisalo (Sea)
2 - Kyle Rau (Sea)
3 - Jason Spezza (Sea)
Power Play
Lightning - 0 on 2 Attempt(s) - 0.00%
Kraken - 1 on 2 Attempt(s) - 50.00%
Penalty Kill
Lightning - 1 on 2 Attempt(s) - 50.00%
- Score 0 goal in Penalty Kill
Kraken - 2 on 2 Attempt(s) - 100.00%
- Score 0 goal in Penalty Kill
Team Stat
Lightning - Hits : 18 - Faceoff Wins : 32 - Blocked Shots : 17 - Penalty Minutes : 4
Kraken - Hits : 22 - Faceoff Wins : 28 - Blocked Shots : 10 - Penalty Minutes : 4
Official
Referees : Justin St. Pierre and Wes McCauley
Linesman : Julien Fournier and Jesse Marquis
Game Notes
No Game Note
Finance
Level 1 -- Attendance: 5623 (93.72%) -- Ticket Income $562,300
Level 2 -- Attendance: 5000 (100.00%) -- Ticket Income $350,000
Level 3 -- Attendance: 1767 (88.35%) -- Ticket Income $70,680
Level 4 -- Attendance: 3557 (88.93%) -- Ticket Income $106,710
Luxury Box -- Attendance: 939 (93.90%) -- Ticket Income $187,800
Game was played at the Climate Pledge Arena.
Total Attendance: 16886 (93.81%)
Total Ticket Income: $1,277,490
Other Income: $191,624
Total Income: $1,469,114
Lightning
5 vs 5 Forward
Center Left Wing Right Wing Time % Phy DF OF
1 Alexander Kerfoot Jonathan Drouin Lawson Crouse 40 1 2 2
2 Nico Hischier Anthony Cirelli Alex DeBrincat 30 1 2 2
3 Anze Kopitar Brandon Hagel Max Friberg 20 1 2 2
4 Cory Emmerton Teemu Hartikainen Jesper Fast 10 1 2 2
5 vs 5 Defense
Defense Defense Time % Phy DF OF
1 Rasmus Ristolainen Jeff Schultz 40 1 2 2
2 John Carlson Shayne Gostisbehere 30 1 2 2
3 Ben Hutton Miro Heiskanen 20 1 2 2
4 Rasmus Ristolainen Nico Hischier 10 1 2 2
PowerPlay Forward
Center Left Wing Right Wing Time % Phy DF OF
1 Alexander Kerfoot Jonathan Drouin Lawson Crouse 60 1 2 2
2 Nico Hischier Anthony Cirelli Alex DeBrincat 40 1 2 2
PowerPlay Defense
Defense Defense Time % Phy DF OF
1 Rasmus Ristolainen Miro Heiskanen 60 1 2 2
2 John Carlson Shayne Gostisbehere 40 1 2 2
Penalty Kill 4 Players Forward
Center Wing Time % Phy DF OF
1 Alexander Kerfoot Lawson Crouse 60 1 2 2
2 Anze Kopitar Anthony Cirelli 40 1 2 2
Penalty Kill 4 Players Defense
Defense Defense Time % Phy DF OF
1 Rasmus Ristolainen Jeff Schultz 60 1 2 2
2 John Carlson Shayne Gostisbehere 40 1 2 2
Penalty Kill - 3 Players Forward
Forward Time % Phy DF OF
1 Alexander Kerfoot 60 1 2 2
2 Anze Kopitar 40 1 2 2
Penalty Kill - 3 Players Defense
Defense Defense Time % Phy DF OF
1 Rasmus Ristolainen Jeff Schultz 60 1 2 2
2 John Carlson Shayne Gostisbehere 40 1 2 2
4 vs 4 Forward
Center Wing Time % Phy DF OF
1 Alexander Kerfoot Anze Kopitar 60 1 2 2
2 Lawson Crouse Jonathan Drouin 40 1 2 2
4 vs 4 Defense
Defense Defense Time % Phy DF OF
1 Rasmus Ristolainen Jeff Schultz 60 1 2 2
2 John Carlson Shayne Gostisbehere 40 1 2 2
Last Minutes Offensive
Center Left Wing Right Wing Defense Defense
Alexander Kerfoot Jonathan Drouin Lawson Crouse Rasmus Ristolainen Jeff Schultz
Last Minutes Defensive
Center Left Wing Right Wing Defense Defense
Alexander Kerfoot Jonathan Drouin Lawson Crouse Rasmus Ristolainen Jeff Schultz
Goaltenders
Starting : Alex Nedeljkovic
Backup : Anton Forsberg
Extra Forwards
Normal : Cory Emmerton, Teemu Hartikainen, Max Friberg - PP : Cory Emmerton, Brandon Hagel - PK : Max Friberg
Extra Defensemen
Normal : Ben Hutton, Miro Heiskanen, Jeff Schultz - PP : Ben Hutton - PK : Ben Hutton, Miro Heiskanen
Penalty Shots
Alexander Kerfoot, Anze Kopitar, Lawson Crouse, Jonathan Drouin, Anthony Cirelli
Custom OT Lines Forwards
Alexander Kerfoot, Anze Kopitar, Lawson Crouse, Jonathan Drouin, Anthony Cirelli, Alex DeBrincat, Nico Hischier, Brandon Hagel, Max Friberg, Teemu Hartikainen
Custom OT Lines Defensemen
Rasmus Ristolainen, Jeff Schultz, John Carlson, Shayne Gostisbehere, Ben Hutton
Scratches
Brendan Perlini (Healthy), Dalton Thrower (Healthy), Daultan Leveillé (Healthy)
Kraken
5 vs 5 Forward
Center Left Wing Right Wing Time % Phy DF OF
1 Ryan Nugent-Hopkins Brendan Lemieux Brendan Gallagher 40 0 2 3
2 Logan Couture Tyler Bertuzzi Jason Spezza 30 0 2 3
3 Andrei Loktionov Marcus Johansson Zach Hyman 25 0 2 3
4 Kyle Rau JT Compher Victor Olofsson 5 1 2 2
5 vs 5 Defense
Defense Defense Time % Phy DF OF
1 Brady Skjei Erik Gudbranson 40 0 3 2
2 Olli Maatta Nate Schmidt 30 0 3 2
3 Jamie Oleksiak Jalen Chatfield 29 0 3 2
4 Jamie Oleksiak Jalen Chatfield 1 0 3 2
PowerPlay Forward
Center Left Wing Right Wing Time % Phy DF OF
1 Ryan Nugent-Hopkins Brendan Lemieux Brendan Gallagher 50 0 1 4
2 Andrei Loktionov Marcus Johansson Jason Spezza 50 0 1 4
PowerPlay Defense
Defense Defense Time % Phy DF OF
1 Brady Skjei Erik Gudbranson 50 0 1 4
2 Olli Maatta Jamie Oleksiak 50 0 1 4
Penalty Kill 4 Players Forward
Center Wing Time % Phy DF OF
1 Logan Couture Tyler Bertuzzi 55 1 3 1
2 Kyle Rau Brendan Gallagher 45 1 3 1
Penalty Kill 4 Players Defense
Defense Defense Time % Phy DF OF
1 Brady Skjei Erik Gudbranson 55 1 3 1
2 Olli Maatta Nate Schmidt 45 1 3 1
Penalty Kill - 3 Players Forward
Forward Time % Phy DF OF
1 Ryan Nugent-Hopkins 50 1 3 1
2 Andrei Loktionov 50 1 3 1
Penalty Kill - 3 Players Defense
Defense Defense Time % Phy DF OF
1 Olli Maatta Jamie Oleksiak 50 1 3 1
2 Jalen Chatfield Nate Schmidt 50 1 3 1
4 vs 4 Forward
Center Wing Time % Phy DF OF
1 Andrei Loktionov Tyler Bertuzzi 50 1 2 2
2 Logan Couture Marcus Johansson 50 1 2 2
4 vs 4 Defense
Defense Defense Time % Phy DF OF
1 Olli Maatta Nate Schmidt 50 1 2 2
2 Jalen Chatfield Jamie Oleksiak 50 1 2 2
Last Minutes Offensive
Center Left Wing Right Wing Defense Defense
Ryan Nugent-Hopkins Marcus Johansson Brendan Lemieux Brady Skjei Erik Gudbranson
Last Minutes Defensive
Center Left Wing Right Wing Defense Defense
Logan Couture Tyler Bertuzzi Zach Hyman Olli Maatta Nate Schmidt
Goaltenders
Starting : Joonas Korpisalo
Backup : Thomas McCollum
Extra Forwards
Normal : Logan Couture, Tyler Bertuzzi, Kyle Rau - PP : Logan Couture, Tyler Bertuzzi - PK : Brendan Lemieux
Extra Defensemen
Normal : Nate Schmidt, Jalen Chatfield, Olli Maatta - PP : Jamie Oleksiak - PK : Jalen Chatfield, Olli Maatta
Penalty Shots
Zach Hyman, Logan Couture, Brendan Gallagher, Ryan Nugent-Hopkins, Marcus Johansson
Custom OT Lines Forwards
Ryan Nugent-Hopkins, Brendan Gallagher, Brendan Lemieux, Andrei Loktionov, Marcus Johansson, Tyler Bertuzzi, Logan Couture, Kyle Rau, Zach Hyman, JT Compher
Custom OT Lines Defensemen
Erik Gudbranson, Brady Skjei, Olli Maatta, Nate Schmidt, Jamie Oleksiak
Scratches
Ebbe Siönäs (Healthy)
% Time on Ice - Lightning
Lines # - Real PCT - Wanted PCT - Time Play
Normal Forward
1 - 34% - 40% - 18:05
2 - 29% - 30% - 15:23
3 - 23% - 20% - 12:09
4 - 13% - 10% - 7:07
Normal Defense
1 - 38% - 40% - 20:10
2 - 33% - 30% - 17:25
3 - 25% - 20% - 13:14
4 - 4% - 10% - 1:55
PP Forward
1 - 53% - 60% - 2:06
2 - 47% - 40% - 1:52
PP Defense
1 - 68% - 60% - 2:42
2 - 32% - 40% - 1:16
PK Forward
1 - 95% - 60% - 3:09
2 - 5% - 40% - 0:09
PK Defense
1 - 51% - 60% - 1:41
2 - 49% - 40% - 1:37
PK3 Forward
1 - 0% - 60%
2 - 0% - 40%
PK3 Defense
1 - 0% - 60%
2 - 0% - 40%
44 Forward
1 - 0% - 60%
2 - 0% - 40%
44 Defense
1 - 0% - 60%
2 - 0% - 40%
Last Minute Offensive - 0:00
Last Minute Defensive - 0:00
Total
Forward - 60:00
Defense - 60:00
|
% Time on Ice - Kraken
Lines # - Real PCT - Wanted PCT - Time Play
Normal Forward
1 - 34% - 40% - 17:43
2 - 28% - 30% - 14:37
3 - 22% - 25% - 11:28
4 - 17% - 5% - 8:56
Normal Defense
1 - 41% - 40% - 21:29
2 - 29% - 30% - 15:23
3 - 30% - 29% - 15:44
4 - 0% - 1% - 0:08
PP Forward
1 - 31% - 50% - 1:02
2 - 69% - 50% - 2:16
PP Defense
1 - 66% - 50% - 2:11
2 - 34% - 50% - 1:07
PK Forward
1 - 62% - 55% - 2:27
2 - 38% - 45% - 1:31
PK Defense
1 - 55% - 55% - 2:11
2 - 45% - 45% - 1:47
PK3 Forward
1 - 0% - 50%
2 - 0% - 50%
PK3 Defense
1 - 0% - 50%
2 - 0% - 50%
44 Forward
1 - 0% - 50%
2 - 0% - 50%
44 Defense
1 - 0% - 50%
2 - 0% - 50%
Last Minute Offensive - 0:00
Last Minute Defensive - 0:00
Total
Forward - 60:00
Defense - 60:00
|
Play-by-Play
1st period
0:01 of 1st period - Alexander Kerfoot wins face-off versus Ryan Nugent-Hopkins in neutral zone.
0:33 of 1st period - Wrist shot by Nico Hischier.
0:33 of 1st period - Shot Blocked by Tyler Bertuzzi.
0:35 of 1st period - Slapshot by Jeff Schultz.
0:35 of 1st period - Stopped by Joonas Korpisalo with a rebound.
0:37 of 1st period - Slapshot by Jeff Schultz.
0:37 of 1st period - Stopped by Joonas Korpisalo with a rebound.
0:39 of 1st period - Snap shot by Jeff Schultz.
0:39 of 1st period - Stopped by Joonas Korpisalo without a rebound.
0:40 of 1st period - Andrei Loktionov wins face-off versus Anze Kopitar in Kraken zone.
1:07 of 1st period - Nate Schmidt is hit by Jesper Fast.
1:52 of 1st period - Icing by Jalen Chatfield.
1:53 of 1st period - Logan Couture wins face-off versus Cory Emmerton in Kraken zone.
3:17 of 1st period - Wrist shot by Anze Kopitar.
3:17 of 1st period - Stopped by Joonas Korpisalo with a rebound.
3:59 of 1st period - Alexander Kerfoot is hit by Nate Schmidt and loses puck.
4:06 of 1st period - Wrist shot by Marcus Johansson.
4:06 of 1st period - Stopped by Alex Nedeljkovic without a rebound.
4:07 of 1st period - Max Friberg wins face-off versus Andrei Loktionov in Lightning zone.
5:04 of 1st period - Snap shot by Tyler Bertuzzi.
5:04 of 1st period - Stopped by Alex Nedeljkovic with a rebound.
6:29 of 1st period - Rasmus Ristolainen is hit by Logan Couture and loses puck.
6:58 of 1st period - Snap shot by JT Compher.
6:58 of 1st period - Deflect By Victor Olofsson.
6:58 of 1st period - Shot Misses the Net.
6:58 of 1st period - Puck is out of play.
6:59 of 1st period - Alexander Kerfoot wins face-off versus Ryan Nugent-Hopkins in Lightning zone.
6:59 of 1st period - Alexander Kerfoot is hit by Ryan Nugent-Hopkins.
7:26 of 1st period - Nate Schmidt is hit by Alex DeBrincat.
7:46 of 1st period - Minor Penalty to Olli Maatta for Hooking.
7:47 of 1st period - Logan Couture wins face-off versus Alexander Kerfoot in Kraken zone.
7:58 of 1st period - Snap shot by Lawson Crouse.
7:58 of 1st period - Shot Misses the Net.
8:00 of 1st period - Slapshot by Rasmus Ristolainen.
8:00 of 1st period - Shot Blocked by Logan Couture.
8:02 of 1st period - Slapshot by Miro Heiskanen.
8:02 of 1st period - Deflect By Erik Gudbranson.
8:02 of 1st period - Stopped by Joonas Korpisalo without a rebound.
8:03 of 1st period - Alexander Kerfoot wins face-off versus Logan Couture in Kraken zone.
8:28 of 1st period - Kyle Rau is hit by Rasmus Ristolainen and loses puck.
8:33 of 1st period - Slapshot by Rasmus Ristolainen.
8:33 of 1st period - Shot Blocked by Erik Gudbranson.
8:35 of 1st period - Slapshot by Miro Heiskanen.
8:35 of 1st period - Shot Blocked by Brady Skjei.
8:37 of 1st period - Slapshot by Rasmus Ristolainen.
8:37 of 1st period - Stopped by Joonas Korpisalo with a rebound.
9:46 of 1st period - Penalty to Olli Maatta is over, Olli Maatta is back on ice.
9:53 of 1st period - Wrist shot by Tyler Bertuzzi.
9:53 of 1st period - Shot Blocked by Rasmus Ristolainen.
9:55 of 1st period - Wrist shot by Logan Couture.
9:55 of 1st period - Stopped by Alex Nedeljkovic without a rebound.
9:56 of 1st period - Andrei Loktionov wins face-off versus Anze Kopitar in Lightning zone.
10:46 of 1st period - John Carlson is hit by Victor Olofsson and loses puck.
11:07 of 1st period - Wrist shot by Rasmus Ristolainen.
11:07 of 1st period - Deflect By Anthony Cirelli.
11:07 of 1st period - Stopped by Joonas Korpisalo with a rebound.
11:09 of 1st period - Backhand shot by Rasmus Ristolainen.
11:09 of 1st period - Deflect By Erik Gudbranson.
11:09 of 1st period - Stopped by Joonas Korpisalo with a rebound.
11:21 of 1st period - Anze Kopitar is hit by Ryan Nugent-Hopkins.
12:54 of 1st period - Slapshot by Rasmus Ristolainen.
12:54 of 1st period - Deflect By Alexander Kerfoot.
12:54 of 1st period - Shot Misses the Net.
12:54 of 1st period - Puck is out of play.
12:55 of 1st period - Jonathan Drouin wins face-off versus Ryan Nugent-Hopkins in Kraken zone.
13:09 of 1st period - Brendan Lemieux is hit by Alexander Kerfoot and loses puck.
13:47 of 1st period - Wrist shot by Anze Kopitar.
13:47 of 1st period - Shot Misses the Net.
14:14 of 1st period - Wrist shot by Victor Olofsson.
14:14 of 1st period - Shot Misses the Net.
14:49 of 1st period - Off-side.
14:50 of 1st period - Ryan Nugent-Hopkins wins face-off versus Anze Kopitar in neutral zone.
15:05 of 1st period - Snap shot by Ryan Nugent-Hopkins.
15:05 of 1st period - Shot Blocked by Anze Kopitar.
15:07 of 1st period - Slapshot by Olli Maatta.
15:07 of 1st period - Shot Misses the Net.
15:20 of 1st period - Icing by Jonathan Drouin.
15:21 of 1st period - Logan Couture wins face-off versus Alexander Kerfoot in Lightning zone.
15:26 of 1st period - Wrist shot by Tyler Bertuzzi.
15:26 of 1st period - Stopped by Alex Nedeljkovic with a rebound.
15:54 of 1st period - Wrist shot by Alexander Kerfoot.
15:54 of 1st period - Stopped by Joonas Korpisalo without a rebound.
15:55 of 1st period - Nico Hischier wins face-off versus Brendan Lemieux in Kraken zone.
16:12 of 1st period - Snap shot by Brendan Lemieux.
16:12 of 1st period - Shot Misses the Net.
16:32 of 1st period - Backhand shot by Rasmus Ristolainen.
16:32 of 1st period - Stopped by Joonas Korpisalo with a rebound.
17:02 of 1st period - Tyler Bertuzzi is hit by Ben Hutton and loses puck.
17:07 of 1st period - Wrist shot by Alexander Kerfoot.
17:07 of 1st period - Stopped by Joonas Korpisalo with a rebound.
17:26 of 1st period - Ryan Nugent-Hopkins is hit by Shayne Gostisbehere and loses puck.
17:43 of 1st period - Slapshot by John Carlson.
17:43 of 1st period - Shot Misses the Net.
17:45 of 1st period - Slapshot by Shayne Gostisbehere.
17:45 of 1st period - Deflect By Cory Emmerton.
17:45 of 1st period - Shot Blocked by Marcus Johansson.
17:45 of 1st period - Puck is out of play.
17:46 of 1st period - Andrei Loktionov wins face-off versus Alexander Kerfoot in Kraken zone.
17:46 of 1st period - Andrei Loktionov is hit by Jonathan Drouin.
17:56 of 1st period - Snap shot by Zach Hyman.
17:56 of 1st period - Shot Misses the Net.
18:47 of 1st period - Snap shot by Lawson Crouse.
18:47 of 1st period - Deflect By Jonathan Drouin.
18:47 of 1st period - Shot Blocked by Zach Hyman.
18:47 of 1st period - Puck is out of play.
18:48 of 1st period - Nico Hischier wins face-off versus Brendan Gallagher in Kraken zone.
18:54 of 1st period - Minor Penalty to Jamie Oleksiak for Holding.
18:55 of 1st period - Logan Couture wins face-off versus Nico Hischier in Kraken zone.
Goals for this period are 0 for Lightning vs 0 for Kraken.
Shots for this period are 11 for Lightning vs 4 for Kraken.
2nd period
0:01 of 2nd period - Lawson Crouse wins face-off versus Logan Couture in neutral zone.
0:30 of 2nd period - Rasmus Ristolainen is hit by Brendan Gallagher and loses puck.
0:54 of 2nd period - Penalty to Jamie Oleksiak is over, Jamie Oleksiak is back on ice.
1:05 of 2nd period - Off-side.
1:06 of 2nd period - Anze Kopitar wins face-off versus Ryan Nugent-Hopkins in neutral zone.
1:32 of 2nd period - Rasmus Ristolainen is hit by Jalen Chatfield.
1:40 of 2nd period - Snap shot by Anze Kopitar.
1:40 of 2nd period - Shot Misses the Net.
1:56 of 2nd period - Snap shot by Anze Kopitar.
1:56 of 2nd period - Deflect By Brandon Hagel.
1:56 of 2nd period - Shot Misses the Net.
1:56 of 2nd period - Puck is out of play.
1:57 of 2nd period - Alexander Kerfoot wins face-off versus Andrei Loktionov in Kraken zone.
2:08 of 2nd period - Snap shot by Lawson Crouse.
2:08 of 2nd period - Stopped by Joonas Korpisalo with a rebound.
2:22 of 2nd period - Shayne Gostisbehere is hit by Brendan Lemieux and loses puck.
2:29 of 2nd period - Backhand shot by Brendan Gallagher.
2:29 of 2nd period - Stopped by Alex Nedeljkovic without a rebound.
2:30 of 2nd period - Alexander Kerfoot wins face-off versus Ryan Nugent-Hopkins in Lightning zone.
4:38 of 2nd period - Slapshot by Anthony Cirelli.
4:38 of 2nd period - Shot Misses the Net.
4:50 of 2nd period - Max Friberg is hit by Jamie Oleksiak and loses puck.
4:57 of 2nd period - Snap shot by Zach Hyman.
4:57 of 2nd period - Stopped by Alex Nedeljkovic without a rebound.
4:58 of 2nd period - Alexander Kerfoot wins face-off versus Ryan Nugent-Hopkins in Lightning zone.
5:23 of 2nd period - Brendan Gallagher is hit by Jeff Schultz.
5:27 of 2nd period - Wrist shot by Brandon Hagel.
5:27 of 2nd period - Deflect By Brendan Lemieux.
5:27 of 2nd period - Stopped by Joonas Korpisalo with a rebound.
6:07 of 2nd period - Zach Hyman is hit by Shayne Gostisbehere and loses puck.
6:25 of 2nd period - Icing by Shayne Gostisbehere.
6:26 of 2nd period - Cory Emmerton wins face-off versus Kyle Rau in Lightning zone.
6:54 of 2nd period - Alexander Kerfoot is hit by Olli Maatta and loses puck.
7:11 of 2nd period - Nate Schmidt is hit by Brandon Hagel and loses puck.
8:04 of 2nd period - Off-side.
8:05 of 2nd period - Alexander Kerfoot wins face-off versus Ryan Nugent-Hopkins in neutral zone.
9:05 of 2nd period - Snap shot by Nico Hischier.
9:05 of 2nd period - Shot Misses the Net.
9:07 of 2nd period - Slapshot by Shayne Gostisbehere.
9:07 of 2nd period - Shot Blocked by Zach Hyman.
9:09 of 2nd period - Wrist shot by Alex DeBrincat.
9:09 of 2nd period - Stopped by Joonas Korpisalo with a rebound.
9:35 of 2nd period - Wrist shot by Marcus Johansson.
9:35 of 2nd period - Shot Blocked by Miro Heiskanen.
9:37 of 2nd period - Wrist shot by Jamie Oleksiak.
9:37 of 2nd period - Shot Misses the Net.
9:39 of 2nd period - Slapshot by Jalen Chatfield.
9:39 of 2nd period - Deflect By Zach Hyman.
9:39 of 2nd period - Stopped by Alex Nedeljkovic without a rebound.
9:40 of 2nd period - Ryan Nugent-Hopkins wins face-off versus Nico Hischier in Lightning zone.
10:04 of 2nd period - Icing by Rasmus Ristolainen.
10:05 of 2nd period - Logan Couture wins face-off versus Cory Emmerton in Lightning zone.
10:06 of 2nd period - Snap shot by Tyler Bertuzzi.
10:06 of 2nd period - Stopped by Alex Nedeljkovic with a rebound.
10:08 of 2nd period - Slapshot by Olli Maatta.
10:08 of 2nd period - Deflect By Jesper Fast.
10:08 of 2nd period - Stopped by Alex Nedeljkovic with a rebound.
10:10 of 2nd period - Wrist shot by Tyler Bertuzzi.
10:10 of 2nd period - Deflect By Jason Spezza.
10:10 of 2nd period - Goal by Jason Spezza - Lightning : 0 - Kraken : 1.
10:11 of 2nd period - Ryan Nugent-Hopkins wins face-off versus Alexander Kerfoot in neutral zone.
10:14 of 2nd period - Wrist shot by Brady Skjei.
10:14 of 2nd period - Deflect By Jonathan Drouin.
10:14 of 2nd period - Stopped by Alex Nedeljkovic without a rebound.
10:15 of 2nd period - Brendan Lemieux wins face-off versus Alexander Kerfoot in Lightning zone.
10:16 of 2nd period - Snap shot by Brendan Gallagher.
10:16 of 2nd period - Stopped by Alex Nedeljkovic with a rebound.
10:18 of 2nd period - Slapshot by Brady Skjei.
10:18 of 2nd period - Shot Misses the Net.
10:26 of 2nd period - Snap shot by Brendan Lemieux.
10:26 of 2nd period - Stopped by Alex Nedeljkovic with a rebound.
10:28 of 2nd period - Slapshot by Brendan Lemieux.
10:28 of 2nd period - Shot Blocked by Rasmus Ristolainen.
10:30 of 2nd period - Slapshot by Brendan Gallagher.
10:30 of 2nd period - Goal by Brendan Gallagher - Lightning : 0 - Kraken : 2.
10:31 of 2nd period - Ryan Nugent-Hopkins wins face-off versus Alexander Kerfoot in neutral zone.
10:56 of 2nd period - Nico Hischier is hit by Logan Couture and loses puck.
11:39 of 2nd period - Off-side.
11:40 of 2nd period - Jonathan Drouin wins face-off versus Ryan Nugent-Hopkins in neutral zone.
11:51 of 2nd period - Snap shot by Alexander Kerfoot.
11:51 of 2nd period - Stopped by Joonas Korpisalo without a rebound.
11:52 of 2nd period - Lawson Crouse wins face-off versus Ryan Nugent-Hopkins in Kraken zone.
12:15 of 2nd period - Minor Penalty to John Carlson for Cross-checking.
12:16 of 2nd period - Lawson Crouse wins face-off versus Ryan Nugent-Hopkins in Lightning zone.
12:49 of 2nd period - Snap shot by Brady Skjei.
12:49 of 2nd period - Shot Misses the Net.
12:51 of 2nd period - Slapshot by Erik Gudbranson.
12:51 of 2nd period - Shot Blocked by Shayne Gostisbehere.
13:11 of 2nd period - Jamie Oleksiak is hit by Anthony Cirelli and loses puck.
13:52 of 2nd period - Shayne Gostisbehere is hit by Jamie Oleksiak and loses puck.
14:15 of 2nd period - Penalty to John Carlson is over, John Carlson is back on ice.
14:17 of 2nd period - Slapshot by Erik Gudbranson.
14:17 of 2nd period - Shot Misses the Net.
14:19 of 2nd period - Slapshot by Brady Skjei.
14:19 of 2nd period - Shot Misses the Net.
14:21 of 2nd period - Wrist shot by Logan Couture.
14:21 of 2nd period - Stopped by Alex Nedeljkovic without a rebound.
14:22 of 2nd period - Logan Couture wins face-off versus Cory Emmerton in Lightning zone.
14:25 of 2nd period - Wrist shot by Tyler Bertuzzi.
14:25 of 2nd period - Stopped by Alex Nedeljkovic without a rebound.
14:26 of 2nd period - Logan Couture wins face-off versus Cory Emmerton in Lightning zone.
14:55 of 2nd period - Wrist shot by Brendan Lemieux.
14:55 of 2nd period - Shot Misses the Net.
15:06 of 2nd period - Icing by Anze Kopitar.
15:07 of 2nd period - Alexander Kerfoot wins face-off versus Andrei Loktionov in Lightning zone.
15:14 of 2nd period - Slapshot by Marcus Johansson.
15:14 of 2nd period - Stopped by Alex Nedeljkovic without a rebound.
15:15 of 2nd period - Alexander Kerfoot wins face-off versus Ryan Nugent-Hopkins in Lightning zone.
15:21 of 2nd period - Icing by Rasmus Ristolainen.
15:22 of 2nd period - Alexander Kerfoot wins face-off versus Ryan Nugent-Hopkins in Lightning zone.
15:22 of 2nd period - Alexander Kerfoot is hit by Brendan Lemieux.
15:28 of 2nd period - Slapshot by Rasmus Ristolainen.
15:28 of 2nd period - Deflect By Lawson Crouse.
15:28 of 2nd period - Stopped by Joonas Korpisalo with a rebound.
15:50 of 2nd period - Slapshot by Brendan Lemieux.
15:50 of 2nd period - Shot Misses the Net.
15:52 of 2nd period - Slapshot by Brady Skjei.
15:52 of 2nd period - Shot Blocked by Alexander Kerfoot.
15:54 of 2nd period - Slapshot by Erik Gudbranson.
15:54 of 2nd period - Shot Blocked by Jonathan Drouin.
15:56 of 2nd period - Snap shot by Brady Skjei.
15:56 of 2nd period - Shot Blocked by Jeff Schultz.
15:58 of 2nd period - Slapshot by Brady Skjei.
15:58 of 2nd period - Shot Blocked by Jonathan Drouin.
16:00 of 2nd period - Wrist shot by Erik Gudbranson.
16:00 of 2nd period - Deflect By Jonathan Drouin.
16:00 of 2nd period - Stopped by Alex Nedeljkovic with a rebound.
16:02 of 2nd period - Slapshot by Brendan Gallagher.
16:02 of 2nd period - Shot Misses the Net.
16:56 of 2nd period - Snap shot by Alexander Kerfoot.
16:56 of 2nd period - Goal by Alexander Kerfoot - Lightning : 1 - Kraken : 2.
16:57 of 2nd period - Nico Hischier wins face-off versus Jason Spezza in neutral zone.
18:17 of 2nd period - Icing by Ben Hutton.
18:18 of 2nd period - Andrei Loktionov wins face-off versus Nico Hischier in Lightning zone.
18:54 of 2nd period - Wrist shot by Anthony Cirelli.
18:54 of 2nd period - Shot Blocked by Victor Olofsson.
18:56 of 2nd period - Snap shot by Anthony Cirelli.
18:56 of 2nd period - Shot Hit the Post.
18:58 of 2nd period - Slapshot by Miro Heiskanen.
18:58 of 2nd period - Stopped by Joonas Korpisalo with a rebound.
19:34 of 2nd period - Wrist shot by Nico Hischier.
19:34 of 2nd period - Shot Misses the Net.
19:36 of 2nd period - Slapshot by Miro Heiskanen.
19:36 of 2nd period - Stopped by Joonas Korpisalo with a rebound.
Goals for this period are 1 for Lightning vs 2 for Kraken.
Shots for this period are 8 for Lightning vs 14 for Kraken.
3rd period
0:01 of 3rd period - Ryan Nugent-Hopkins wins face-off versus Alexander Kerfoot in neutral zone.
0:30 of 3rd period - Snap shot by Anthony Cirelli.
0:30 of 3rd period - Stopped by Joonas Korpisalo without a rebound.
0:31 of 3rd period - Logan Couture wins face-off versus Nico Hischier in Kraken zone.
0:49 of 3rd period - John Carlson is hit by Jalen Chatfield.
0:55 of 3rd period - Nico Hischier is hit by Brendan Lemieux and loses puck.
1:06 of 3rd period - Slapshot by Shayne Gostisbehere.
1:06 of 3rd period - Deflect By Nico Hischier.
1:06 of 3rd period - Shot Hit the Post.
1:06 of 3rd period - Puck is out of play.
1:07 of 3rd period - Lawson Crouse wins face-off versus Logan Couture in Kraken zone.
1:08 of 3rd period - Snap shot by Alexander Kerfoot.
1:08 of 3rd period - Stopped by Joonas Korpisalo without a rebound.
1:09 of 3rd period - Alexander Kerfoot wins face-off versus Tyler Bertuzzi in Kraken zone.
1:10 of 3rd period - Slapshot by Lawson Crouse.
1:10 of 3rd period - Deflect By Jonathan Drouin.
1:10 of 3rd period - Stopped by Joonas Korpisalo without a rebound.
1:11 of 3rd period - Alexander Kerfoot wins face-off versus Logan Couture in Kraken zone.
1:36 of 3rd period - Jonathan Drouin is hit by Andrei Loktionov and loses puck.
2:50 of 3rd period - Shayne Gostisbehere is hit by Kyle Rau and loses puck.
3:07 of 3rd period - Snap shot by Max Friberg.
3:07 of 3rd period - Shot Misses the Net.
4:05 of 3rd period - Jalen Chatfield is hit by Teemu Hartikainen.
4:25 of 3rd period - Wrist shot by Jesper Fast.
4:25 of 3rd period - Stopped by Joonas Korpisalo with a rebound.
5:25 of 3rd period - Snap shot by Victor Olofsson.
5:25 of 3rd period - Shot Misses the Net.
5:27 of 3rd period - Wrist shot by Kyle Rau.
5:27 of 3rd period - Stopped by Alex Nedeljkovic with a rebound.
5:29 of 3rd period - Slapshot by Kyle Rau.
5:29 of 3rd period - Goal by Kyle Rau - Lightning : 1 - Kraken : 3.
5:30 of 3rd period - Ryan Nugent-Hopkins wins face-off versus Alexander Kerfoot in neutral zone.
5:33 of 3rd period - Slapshot by Brady Skjei.
5:33 of 3rd period - Deflect By Jonathan Drouin.
5:33 of 3rd period - Stopped by Alex Nedeljkovic with a rebound.
5:35 of 3rd period - Minor Penalty to Alexander Kerfoot for Tripping.
5:36 of 3rd period - Max Friberg wins face-off versus Andrei Loktionov in Lightning zone.
5:45 of 3rd period - Rasmus Ristolainen is hit by Andrei Loktionov and loses puck.
6:20 of 3rd period - Wrist shot by Jason Spezza.
6:20 of 3rd period - Stopped by Alex Nedeljkovic with a rebound.
6:32 of 3rd period - Slapshot by Jason Spezza.
6:32 of 3rd period - Shot Blocked by Anthony Cirelli.
6:48 of 3rd period - Snap shot by Marcus Johansson.
6:48 of 3rd period - Stopped by Alex Nedeljkovic with a rebound.
6:50 of 3rd period - Slapshot by Jason Spezza.
6:50 of 3rd period - Shot Blocked by John Carlson.
6:52 of 3rd period - Slapshot by Erik Gudbranson.
6:52 of 3rd period - Stopped by Alex Nedeljkovic with a rebound.
6:54 of 3rd period - Snap shot by Andrei Loktionov.
6:54 of 3rd period - Deflect By Marcus Johansson.
6:54 of 3rd period - Goal by Marcus Johansson - Lightning : 1 - Kraken : 4.
6:55 of 3rd period - Alexander Kerfoot wins face-off versus Ryan Nugent-Hopkins in neutral zone.
7:12 of 3rd period - Wrist shot by Brendan Lemieux.
7:12 of 3rd period - Stopped by Alex Nedeljkovic without a rebound.
7:13 of 3rd period - Ryan Nugent-Hopkins wins face-off versus Nico Hischier in Lightning zone.
7:20 of 3rd period - Wrist shot by Ryan Nugent-Hopkins.
7:20 of 3rd period - Shot Blocked by Nico Hischier.
7:22 of 3rd period - Slapshot by Nate Schmidt.
7:22 of 3rd period - Shot Misses the Net.
7:24 of 3rd period - Wrist shot by Olli Maatta.
7:24 of 3rd period - Shot Misses the Net.
7:26 of 3rd period - Snap shot by Brendan Lemieux.
7:26 of 3rd period - Shot Blocked by Nico Hischier.
8:41 of 3rd period - Off-side.
8:42 of 3rd period - Cory Emmerton wins face-off versus Logan Couture in neutral zone.
9:07 of 3rd period - Logan Couture is hit by Brandon Hagel and loses puck.
9:22 of 3rd period - Off-side.
9:23 of 3rd period - Alexander Kerfoot wins face-off versus Ryan Nugent-Hopkins in neutral zone.
10:27 of 3rd period - Anze Kopitar is hit by Zach Hyman and loses puck.
10:32 of 3rd period - Snap shot by Zach Hyman.
10:32 of 3rd period - Stopped by Alex Nedeljkovic without a rebound.
10:33 of 3rd period - Ryan Nugent-Hopkins wins face-off versus Alexander Kerfoot in Lightning zone.
11:07 of 3rd period - Alex DeBrincat is hit by Logan Couture and loses puck.
11:35 of 3rd period - Wrist shot by Victor Olofsson.
11:35 of 3rd period - Stopped by Alex Nedeljkovic with a rebound.
11:49 of 3rd period - Brendan Lemieux is hit by Alexander Kerfoot and loses puck.
12:06 of 3rd period - Slapshot by Andrei Loktionov.
12:06 of 3rd period - Shot Blocked by Miro Heiskanen.
12:08 of 3rd period - Wrist shot by Zach Hyman.
12:08 of 3rd period - Shot Misses the Net.
12:10 of 3rd period - Snap shot by Zach Hyman.
12:10 of 3rd period - Shot Misses the Net.
12:12 of 3rd period - Slapshot by Brady Skjei.
12:12 of 3rd period - Stopped by Alex Nedeljkovic without a rebound.
12:13 of 3rd period - Alexander Kerfoot wins face-off versus Logan Couture in Lightning zone.
12:13 of 3rd period - Alexander Kerfoot is hit by Jason Spezza.
12:38 of 3rd period - Erik Gudbranson is hit by Brandon Hagel and loses puck.
12:49 of 3rd period - Wrist shot by Brandon Hagel.
12:49 of 3rd period - Stopped by Joonas Korpisalo with a rebound.
12:51 of 3rd period - Slapshot by Shayne Gostisbehere.
12:51 of 3rd period - Stopped by Joonas Korpisalo with a rebound.
13:01 of 3rd period - Wrist shot by Brendan Lemieux.
13:01 of 3rd period - Stopped by Alex Nedeljkovic with a rebound.
13:23 of 3rd period - Wrist shot by Teemu Hartikainen.
13:23 of 3rd period - Shot Blocked by Andrei Loktionov.
13:25 of 3rd period - Snap shot by Cory Emmerton.
13:25 of 3rd period - Deflect By Jesper Fast.
13:25 of 3rd period - Shot Blocked by Erik Gudbranson.
13:25 of 3rd period - Puck is out of play.
13:26 of 3rd period - Andrei Loktionov wins face-off versus Lawson Crouse in Kraken zone.
14:18 of 3rd period - Snap shot by Jason Spezza.
14:18 of 3rd period - Deflect By Tyler Bertuzzi.
14:18 of 3rd period - Shot Misses the Net.
14:18 of 3rd period - Puck is out of play.
14:19 of 3rd period - Anze Kopitar wins face-off versus Logan Couture in Lightning zone.
14:28 of 3rd period - Wrist shot by Max Friberg.
14:28 of 3rd period - Stopped by Joonas Korpisalo without a rebound.
14:29 of 3rd period - Ryan Nugent-Hopkins wins face-off versus Alexander Kerfoot in Kraken zone.
14:34 of 3rd period - Jeff Schultz is hit by Ryan Nugent-Hopkins and loses puck.
14:55 of 3rd period - Slapshot by Rasmus Ristolainen.
14:55 of 3rd period - Stopped by Joonas Korpisalo without a rebound.
14:56 of 3rd period - Logan Couture wins face-off versus Anze Kopitar in Kraken zone.
15:21 of 3rd period - Erik Gudbranson is hit by Shayne Gostisbehere and loses puck.
15:44 of 3rd period - Slapshot by Ryan Nugent-Hopkins.
15:44 of 3rd period - Deflect By Brendan Lemieux.
15:44 of 3rd period - Shot Misses the Net.
15:44 of 3rd period - Puck is out of play.
15:45 of 3rd period - Ryan Nugent-Hopkins wins face-off versus Alex DeBrincat in Lightning zone.
16:08 of 3rd period - Snap shot by Ryan Nugent-Hopkins.
16:08 of 3rd period - Shot Misses the Net.
16:10 of 3rd period - Snap shot by Ryan Nugent-Hopkins.
16:10 of 3rd period - Stopped by Alex Nedeljkovic without a rebound.
16:11 of 3rd period - Logan Couture wins face-off versus Alexander Kerfoot in Lightning zone.
16:24 of 3rd period - Jason Spezza is hit by Alexander Kerfoot and loses puck.
16:37 of 3rd period - Logan Couture is hit by Anthony Cirelli and loses puck.
17:18 of 3rd period - Slapshot by Brady Skjei.
17:18 of 3rd period - Shot Misses the Net.
17:20 of 3rd period - Snap shot by Logan Couture.
17:20 of 3rd period - Stopped by Alex Nedeljkovic with a rebound.
17:46 of 3rd period - Slapshot by Tyler Bertuzzi.
17:46 of 3rd period - Shot Blocked by Anze Kopitar.
17:48 of 3rd period - Slapshot by Tyler Bertuzzi.
17:48 of 3rd period - Shot Misses the Net.
17:50 of 3rd period - Wrist shot by Logan Couture.
17:50 of 3rd period - Shot Misses the Net.
18:02 of 3rd period - Snap shot by Tyler Bertuzzi.
18:02 of 3rd period - Deflect By Logan Couture.
18:02 of 3rd period - Shot Blocked by Anze Kopitar.
18:02 of 3rd period - Puck is out of play.
18:03 of 3rd period - Alexander Kerfoot wins face-off versus Ryan Nugent-Hopkins in Lightning zone.
18:08 of 3rd period - Snap shot by Alexander Kerfoot.
18:08 of 3rd period - Stopped by Joonas Korpisalo without a rebound.
18:09 of 3rd period - Ryan Nugent-Hopkins wins face-off versus Alexander Kerfoot in Kraken zone.
18:16 of 3rd period - Snap shot by Brendan Lemieux.
18:16 of 3rd period - Shot Blocked by Shayne Gostisbehere.
18:36 of 3rd period - Snap shot by Ryan Nugent-Hopkins.
18:36 of 3rd period - Goal by Ryan Nugent-Hopkins - Lightning : 1 - Kraken : 5.
18:37 of 3rd period - Brendan Gallagher wins face-off versus Alexander Kerfoot in neutral zone.
18:40 of 3rd period - Wrist shot by Brendan Lemieux.
18:40 of 3rd period - Stopped by Alex Nedeljkovic without a rebound.
18:41 of 3rd period - Alexander Kerfoot wins face-off versus Ryan Nugent-Hopkins in Lightning zone.
19:22 of 3rd period - Slapshot by Nico Hischier.
19:22 of 3rd period - Shot Misses the Net.
Goals for this period are 0 for Lightning vs 3 for Kraken.
Shots for this period are 9 for Lightning vs 16 for Kraken.
Output by the SimonT Hockey Simulator (STHS) for Francois Prevost